 Dungeon Crawl Stone Soup version 0.23.1 (webtiles) character file.

Game seed: 177160566616660731

29 Kairos the Sneak (level 3, -3/18 HPs)
             Began as a Vine Stalker Assassin on Mar 17, 2019.
             Slain by Terence
             ... wielding a +2 mace of holy wrath
              (4 damage)
             ... on level 2 of the Dungeon.
             The game lasted 00:02:00 (1327 turns).

Kairos the Sneak (Vine Stalker Assassin)            Turns: 1327, Time: 00:02:00

Health: -3/18      AC:  4    Str: 13    XL:     3   Next: 16%
Magic:  0/4        EV: 12    Int: 11    God:
Gold:   31         SH:  0    Dex: 16    Spells: 2/2 levels left

rFire    . . .     SeeInvis .   a - +2 dagger
rCold    . . .     Gourm    .   (no shield)
rNeg     . . .     Faith    .   m - +0 robe (curse)
rPois    .         Spirit   +   l - +0 helmet
rElec    .         Reflect  .   d - +0 cloak
rCorr    .         Harm     +   (no gloves)
MR       .....                  (no boots)
Stlth    +++.......             j - amulet of harm
HPRegen  0.06/turn              (no ring)
MPRegen  0.09/turn              (no ring)

@: hasted, very quick
A: fangs 2, magic shield, antimagic bite, no potion heal 3, rot immunity
a: no special abilities


You were on level 2 of the Dungeon.
You were not hungry.

You visited 1 branch of the dungeon, and saw 2 of its levels.

You collected 31 gold pieces.

Inventory:

Hand Weapons
 a - a +2 dagger (weapon)
 b - a +0 blowgun
Missiles
 e - 25 poisoned needles
 f - 2 curare-tipped needles
Armour
 c - a +0 robe
 d - a +0 cloak (worn)
 l - a +0 helmet (worn)
 m - a cursed +0 robe (worn)
Jewellery
 j - an amulet of harm (around neck)
Scrolls
 h - 2 scrolls of identify {unknown}
 k - 2 scrolls of blinking {unknown}
 n - a scroll of remove curse {unknown}
Comestibles
 g - 4 rations


   Skills:
 + Level 2.0 Fighting
 + Level 2.1 Short Blades
 + Level 2.0 Throwing
 + Level 1.0 Dodging
 + Level 5.5 Stealth


You had 2 spell levels left.
You didn't know any spells.
Your spell library was empty.

Dungeon Overview and Level Annotations

Branches:
Dungeon (2/15)

Altars:
Dithmenos

Annotations:
D:2 Natasha, Terence


Innate Abilities, Weirdness & Mutations

You have extremely sharp teeth.
When hurt, damage is shared between your health and your magic reserves.
Your bite disrupts and absorbs the magic of your enemies.
Potions cannot restore your health.
You are immune to rotting.


Message History

Terence is moderately wounded.
You hit Terence. You bite Terence. You drain his power.
Terence is heavily wounded.
Terence closely misses you.
You hit Terence but do no damage. You bite Terence. You drain his power.
Terence is severely wounded.
Terence hits you with a +2 mace of holy wrath.
* * * LOW HITPOINT WARNING * * *
You hit Terence but do no damage. You bite Terence. You drain his power.
You feel invigorated.
Terence is severely wounded.
Terence barely misses you.
It was a potion of heal wounds.
That seemed strangely inert.
Terence hits you with a +2 mace of holy wrath.
* * * LOW HITPOINT WARNING * * *
It was a potion of haste.
You feel yourself speed up.
You hit Terence but do no damage.
Terence is severely wounded.
Terence hits you with a +2 mace of holy wrath.
You die...

........# ......+ ... ....
..#### #### #.#####.#...
#..#####.....#.#... ###
#..##....###.#..... ..# (....
#..##.##...#.#.#..h #.# .....
#..##.#....#.#..... #.# ...
+.@@...._.......... #.# ...
#..#.#....#.##.....
#.#####.####..#.#...##.######.
#.....#.##....#.###....#
#.....#.##....#.. ..####
#........#....#####.#
#........###.........
+...#....# ##........
###.#....####........


You could see Terence.

Vanquished Creatures
  A ball python (D:1)
  2 giant cockroaches (D:1)
  5 goblins
  3 hobgoblins (D:1)
  4 jackals (D:1)
  A kobold (D:1)
  4 bats (D:1)
  3 frilled lizards
  2 rats (D:1)
25 creatures vanquished.

Notes
Turn   | Place    | Note
-------+----------+-------------------------------------------
     0 | D:1      | Kairos the Vine Stalker Assassin began the quest for the
                  | Orb.
     0 | D:1      | Reached XP level 1. HP: 11/11 MP: 2/2
    24 | D:1      | Reached skill level 5 in Stealth
    88 | D:1      | Reached XP level 2. HP: 8/15 MP: 1/3
   719 | D:1      | Reached skill level 1 in Dodging
   811 | D:1      | Reached XP level 3. HP: 3/18 MP: 1/4
  1279 | D:2      | Found a shadowy altar of Dithmenos.
  1294 | D:2      | Noticed Terence
  1295 | D:2      | Noticed Natasha
  1327 | D:2      | Slain by Terence

Skill      XL: |  1  2  3 |
---------------+----------+-----
Stealth        | 5 |  5.5
Throwing       | 2 |  2.0
Short Blades   | 2 |  2.1
Dodging        | 1 |  1.0
Fighting       | 2 |  2.0

Action                   || total
-------------------------++-------
Melee: Dagger            ||    78
       Bite              ||    18
  Use: Potion            ||     2
 Stab: Sleeping          ||     3
  Eat: Chunk             ||     1
Armor: Robe              ||    14
Dodge: Dodged            ||    40
